 Dungeon Sprint DCSS version 0.29.1-4-g47bece8355 (webtiles) character file.

Game seed: 1818493505342525730

3716 boopmooplesden the Warrior (level 9, -7/103 HPs)
             Began as a Minotaur Berserker on Dec 11, 2022.
             Was a High Priest of Trog.
             Killed by divine providence
             ... invoked by a sphinx
              (15 damage)
             ... in the Dungeon (Sprint II: "The Violet Keep of Menkaure").
             The game lasted 00:02:41 (908 turns).

boopmooplesden the Warrior (Minotaur Berserker)      Turns: 908, Time: 00:02:42

Health: -7/103     AC: 15    Str: 27    XL:     9   Next: 91%
Magic:  8/8        EV: 10    Int:  4    God:    Trog [*****.]
Gold:   397        SH:  0    Dex:  6    Spells: 8/8 levels left

rFire   + + +      SeeInvis .   b - +11 hand axe of Xom's Indignation {venom, Fragile rElec rF+++ Dex-3}
rCold   . . .      Faith    .   (no shield)
rNeg    . . .      Spirit   .   i - +4 chain mail {rPois}
rPois   +          Reflect  .   j - +0 hat
rElec   +          Harm     .   (no cloak)
rCorr   .          Rampage  .   (no gloves)
Will    .....      NoTele   +   (no boots)
Stlth   ..........              (no amulet)
HPRegen 0.27/turn               (no ring)
MPRegen 0.11/turn               (no ring)

@: confused, on berserk cooldown, slowed, very slow
A: horns 2, retaliatory headbutt
a: Renounce Religion, Berserk, Trog's Hand, Brothers in Arms


You were in the Dungeon.
You worshipped Trog.
Trog was extremely pleased with you.
You visited 1 branch You collected 1026 gold pieces.
You spent 629 gold pieces at shops.

Inventory:

Hand Weapons
 a - a +0 hand axe
 b - the +11 hand axe of Xom's Indignation (weapon) {venom, Fragile rElec rF+++ Dex-3}
   (You bought it in a shop in the Dungeon)

   It poisons the flesh of those it strikes.
   Dex:       It affects your dexterity (-3).
   rF:        It renders you almost immune to fire.
   rElec:     It insulates you from electricity.
   Fragile:   It will be destroyed if unequipped.
 l - a +4 vorpal battleaxe
Armour
 i - a +4 chain mail of poison resistance (worn)
 j - a +0 hat (worn)
 k - the +5 ring mail of the Lute {rElec}
   (You bought it in a shop in the Dungeon)

   rElec:     It insulates you from electricity.
Scrolls
 h - a scroll of blinking
Potions
 c - 2 potions of curing
 d - a potion of heal wounds
 e - a potion of haste
 f - 2 potions of magic
 g - a potion of berserk rage


   Skills:
 + Level 17.3 Fighting
 + Level 17.3 Axes
 + Level 9.4 Armour
 + Level 8.5 Dodging
 + Level 2.0 Stealth


You had 8 spell levels left.
You didn't know any spells.
Your spell library was empty.

Dungeon Overview and Level Annotations

Branches:
Dungeon (1/1)

Altars:
Cheibriados
Dithmenos
Elyvilon
Fedhas
Gozag
Hepliaklqana
Kikubaaqudgha
Makhleb
Nemelex Xobeh
Okawaru
Qazlal
Ru
Sif Muna
Trog
Uskayaw
Vehumet
Wu Jian
Xom
Yredelemnul
Zin
The Shining One
Jiyva
Lugonu

Shops:
D ?:*:[[===![(?![

Annotations:
D exclusion: oklob plant, Roxanne


Innate Abilities, Weirdness & Mutations

You have a pair of horns on your head.
You reflexively headbutt those who attack you in melee.


Message History

The sphinx mumbles some strange words.
You suddenly lose the ability to move!
The sphinx hits you! The sphinx barely misses you.
The sphinx hits you but does no damage. The sphinx hits you but does no damage.
The sphinx hits you! The sphinx hits you.
The sphinx mumbles some strange words.
You are more confused.
The sphinx hits you!
The sphinx hits you but does no damage. x2
The sphinx hits you. The sphinx hits you but does no damage.
The sphinx hits you.
The sphinx casts a spell.
Something smites you! The sphinx hits you. The sphinx hits you!
The sphinx hits you but does no damage. The sphinx hits you.
The sphinx hits you but does no damage. x2
You can move again.
You feel a strong urge to attack something.
You are no longer berserk.
You are exhausted.
You feel as though you will be slow longer.
The sphinx hits you! The sphinx hits you. x2
The sphinx hits you but does no damage. The sphinx hits you.
The sphinx hits you but does no damage.
You hit the sphinx.
The sphinx looks as sick as possible!
You headbutt the sphinx.
The sphinx is severely wounded.
You hit the sphinx. The sphinx hits you!
The sphinx hits you but does no damage. The sphinx hits you.
* * * LOW HITPOINT WARNING * * *
The sphinx hits you!
* * * LOW HITPOINT WARNING * * *
The sphinx hits you but does no damage. x2
You bump into the unnaturally hard rock wall.
The sphinx hits you!
* * * LOW HITPOINT WARNING * * *
The sphinx hits you but does no damage. The sphinx hits you.
* * * LOW HITPOINT WARNING * * *
The sphinx casts a spell.
Something smites you!
You die...

~~~~÷~~~~~...≈≈≈
########'###.≈≈
._._...#~~~##
_._._._#~~≈§####▓▓ ▓▓
._._._.#~~§§≈##..#$$▓
_._._._#~~~≈§§#..#$.▓
._._._.#§§§~~§§..'$$▓
.._._._#§§§§≈~#HH#
..._._.#§~§≈≈§▓.@#
...._..#~≈§§▓▓▓▓▓▓
########~§≈§▓zz.
~~~~~~~~§≈§§▓zz.≈
########≈▓▓▓▓▓▓▓▓ #
#▓▓ # #


You could see 2 sphinxes.

Vanquished Creatures
  2 deep trolls (D)
  A merfolk siren (D)
  A yaktaur (D)
  3 polar bears (D)
  A hornet (D)
  4 neqoxecs (D)
  A vampire mosquito (D)
  4 water moccasins (D)
  4 necrophages (D)
21 creatures vanquished.

Vanquished Creatures (others)
  Menkaure (D)
  A water moccasin (D)
  4 tentacles (D)
6 creatures vanquished.

Grand Total: 27 creatures vanquished

Notes
Turn   | Place    | Note
-------+----------+-------------------------------------------
     0 | D        | boopmooplesden the Minotaur Berserker began the quest for
                  | the Orb.
     0 | D        | Reached XP level 1. HP: 19/19 MP: 0/0
     1 | D        | Noticed a necrophage
     1 | D        | Noticed a necrophage
     1 | D        | Noticed a necrophage
     1 | D        | Noticed a necrophage
     5 | D        | Killed a necrophage
     6 | D        | Reached XP level 2. HP: 31/31 MP: 1/1
     6 | D        | Reached XP level 3. HP: 38/38 MP: 2/2
     9 | D        | Killed a necrophage
    10 | D        | Reached XP level 4. HP: 48/48 MP: 3/3
    13 | D        | Killed a necrophage
    13 | D        | Reached ** piety under Trog
    14 | D        | Reached XP level 5. HP: 57/57 MP: 4/4
    17 | D        | Reached skill level 5 in Armour
    44 | D        | Killed Menkaure
    62 | D        | Killed a water moccasin
   101 | D        | Noticed a neqoxec
   101 | D        | Noticed a neqoxec
   101 | D        | Noticed a neqoxec
   101 | D        | Noticed a neqoxec
   105 | D        | Killed a neqoxec
   106 | D        | Reached skill level 5 in Dodging
   106 | D        | Reached XP level 6. HP: 68/68 MP: 5/5
   113 | D        | Killed a neqoxec
   118 | D        | Killed a neqoxec
   118 | D        | Reached *** piety under Trog
   119 | D        | Reached XP level 7. HP: 77/77 MP: 6/6
   119 | D        | Killed a neqoxec
   183 | D        | Noticed a boulder beetle
   183 | D        | Noticed a boulder beetle
   187 | D        | Noticed a merfolk siren
   211 | D        | Killed a merfolk siren
   211 | D        | Reached **** piety under Trog
   212 | D        | Reached XP level 8. HP: 84/86 MP: 7/7
   226 | D        | Found Awneckom's Magic Scroll Boutique.
   226 | D        | Found Fahod's Antique Weapon Shop.
   227 | D        | Found Ligixtote's Armour Shop.
   227 | D        | Found Okhut's Antique Armour Shop.
   227 | D        | Found Dixteku's Distillery.
   227 | D        | Found Raewkip's Jewellery Shop.
   227 | D        | Found Cagaojir's Jewellery Boutique.
   228 | D        | Found Lodudit's Distillery.
   228 | D        | Found Zokhanan's Jewellery Boutique.
   228 | D        | Found Nozxanui's Antique Armour Boutique.
   228 | D        | Found Lusu Sem's Antique Armour Shop.
   228 | D        | Noticed a manticore
   496 | D        | Found Pofead's Book Boutique.
   496 | D        | Found Vyddocay's General Store.
   496 | D        | Noticed a manticore
   496 | D        | Noticed a manticore
   496 | D        | Noticed an oklob plant
   497 | D        | Found Peegios's Book Shoppe.
   497 | D        | Found Obusky's Magic Scroll Boutique.
   503 | D        | Bought a runed chain mail for 157 gold pieces
   503 | D        | Bought a hat for 84 gold pieces
   527 | D        | Bought a bloodstained hand axe for 136 gold pieces
   527 | D        | Identified the +11 hand axe of Xom's Indignation {venom,
                  | Fragile rElec rF+++ Dex-3} (You bought it in a shop in the
                  | Dungeon)
   530 | D        | Bought a bloodstained ring mail for 252 gold pieces
   530 | D        | Identified the +5 ring mail of the Lute {rElec} (You bought
                  | it in a shop in the Dungeon)
   581 | D        | Found an iron altar of Okawaru.
   581 | D        | Found an opulent altar of Gozag.
   582 | D        | Found a sparkling altar of Nemelex Xobeh.
   582 | D        | Found a blossoming altar of Fedhas.
   583 | D        | Found a radiant altar of Vehumet.
   583 | D        | Found a burning altar of Makhleb.
   583 | D        | Found a white marble altar of Elyvilon.
   584 | D        | Found a hide-covered altar of Uskayaw.
   584 | D        | Found a corrupted altar of Lugonu.
   584 | D        | Found a shadowy altar of Dithmenos.
   585 | D        | Found a glowing silver altar of Zin.
   585 | D        | Found a bloodstained altar of Trog.
   585 | D        | Found an ancient bone altar of Kikubaaqudgha.
   586 | D        | Found a basalt altar of Yredelemnul.
   586 | D        | Found a shimmering blue altar of Sif Muna.
   586 | D        | Found a viscous altar of Jiyva.
   587 | D        | Found a shimmering altar of Xom.
   587 | D        | Found a sacrificial altar of Ru.
   588 | D        | Found a glowing golden altar of the Shining One.
   588 | D        | Found an ornate altar of the Wu Jian Council.
   588 | D        | Found a stormy altar of Qazlal.
   588 | D        | Noticed a polar bear
   588 | D        | Noticed a polar bear
   588 | D        | Noticed a polar bear
   589 | D        | Noticed a hornet
   593 | D        | Killed a polar bear
   597 | D        | Killed a polar bear
   598 | D        | Reached skill level 15 in Fighting
   598 | D        | Reached skill level 15 in Axes
   605 | D        | Killed a hornet
   606 | D        | Reached skill level 1 in Stealth
   608 | D        | Killed a polar bear
   608 | D        | Reached ***** piety under Trog
   609 | D        | Reached XP level 9. HP: 99/99 MP: 8/8
   609 | D        | Noticed a yaktaur
   613 | D        | Killed a yaktaur
   627 | D        | Noticed a kraken
   648 | D        | Received a gift from Trog
   707 | D        | Found a hazy altar of Hepliaklqana.
   707 | D        | Found a snail-covered altar of Cheibriados.
   837 | D        | Identified Roxanne's Octavo of Metal
   837 | D        | Noticed Roxanne
   853 | D        | Noticed a deep troll
   853 | D        | Noticed a deep troll
   859 | D        | Killed a deep troll
   865 | D        | Killed a deep troll
   896 | D        | Noticed a sphinx
   896 | D        | Noticed a sphinx
   902 | D        | Paralysed by a sphinx for 4 turns
   908 | D        | Killed from afar by a sphinx

Illustrated notes

Levels and vault maps discovered:
D:        the_violet_keep_of_menkaure [sprint2_stairs_cluster_1,
          sprint2_shoproom, sprint2_temple, sprint2_basic_supplies,
          sprint2_obstacle_2, sprint2_obstacle_6, sprint2_obstacle_5,
          sprint2_obstacle_7, sprint2_obstacle_4, sprint2_timed_cluster_1,
          sprint2_smallroom_cluster_1, sprint2_smallroom_final_cluster_1,
          sprint2_transparent_cluster_1, sprint2_second_timed_cluster_1,
          sprint2_sniper_area_1, sprint2_heavy_combat_area_1,
          sprint2_mutation_trap_area_1, sprint2_forest_area_1,
          sprint2_light_combat_area_1, sprint2_behind_water_1,
          sprint2_near_end_vault_1]

Skill      XL: |  1  2  3  4  5  6  7  8  9 |
---------------+----------------------------+-----
Fighting       | 6 8 9 11 12 13 15 17 | 17.3
Axes           | 6 8 9 11 12 13 15 17 | 17.3
Armour         | 3 4 5 6 7 8 9 |  9.4
Dodging        | 3 4 5 6 7 8 |  8.5
Stealth        | 1 2 |  2.0

Action                   |  1- 3 |  4- 6 |  7- 9 || total
-------------------------+-------+-------+-------++-------
Melee: Hand axe          |     7 |    22 |    85 ||   114
       Headbutt          |     4 |     5 |    15 ||    24
       Punch             |       |     1 |     1 ||     2
Invok: Berserk           |     1 |     1 |     3 ||     5
Armor: Animal skin       |       |     2 |       ||     2
       Chain mail        |       |       |    31 ||    31
Dodge: Dodged            |     2 |     5 |    25 ||    32
